 Dungeon Crawl Stone Soup version 0.31.0-12-g77e489cdc1 (webtiles) character file.

Game seed: 14833591376240392669

20 aheadsounds the Caller (level 2, -3/13 HPs)
             Began as a Felid Summoner on Feb 20, 2024.
             Slain by a kobold
             ... wielding a +0 whip
              (4 damage)
             ... on level 2 of the Dungeon.
             The game lasted 00:02:04 (1193 turns).

aheadsounds the Caller (Felid Summoner)             Turns: 1193, Time: 00:02:04

Health: -3/13      AC:  1    Str:  4    XL:     2   Next: 58%
Magic:  4/6        EV: 18    Int: 18    God:
Gold:   72         SH:  0    Dex: 16    Spells: 4/5 levels left
                                        Lives:  0   Deaths: 1

rFire   . . .        (weapon unavailable)
rCold   . . .        (shield unavailable)
rNeg    . . .        (body armour unavailable)
rPois   .            (helmet unavailable)
rElec   .            (cloak unavailable)
rCorr   .            (gloves unavailable)
SInv    +            (boots unavailable)
Will    .....        (no amulet)
Stlth   ++           (no ring)
HPRegen 0.22/turn    (no ring)
MPRegen 0.10/turn

%: no passive effects
@: weak-willed
A: very small, claws 1, fangs 3, see invisible, shaggy fur 1, stealthy paws, no
weapons or thrown items, no armour, multi-lived
a: no special abilities


You were on level 2 of the Dungeon.
You visited 1 branch of the dungeon, and saw 2 of its levels.

You collected 72 gold pieces.

Inventory:

Potions
 a - a potion of magic {Yes}
 c - a potion of ambrosia {unknown}
 e - a potion of heal wounds {unknown}


   Skills:
 + Level 3.2 Dodging
 + Level 3.3 Stealth
 + Level 2.2 Spellcasting
 + Level 4.1 Summonings


You had 4 spell levels left.
You knew the following spells:

 Your Spells              Type           Power      Damage    Failure   Level
a - Summon Small Mammal   Summ           68%        N/A       3%          1

Your spell library contained the following spells:

 Spells                   Type           Power      Damage    Failure   Level
 Call Imp                 Summ           34%        N/A       4%          2
 Call Canine Familiar     Summ           17%        N/A       10%         3
 Summon Blazeheart Golem  Fire/Summ      9%         N/A       58%         4
 Summon Lightning Spire   Summ/Air       9%         N/A       58%         4


Dungeon Overview and Level Annotations

Branches:
Dungeon (2/15)

Altars:


Innate Abilities, Weirdness & Mutations

You have sharp claws.
You have razor-sharp teeth.
You have supernaturally acute eyesight. (SInv)
You are covered in fur. (AC +1)
Your paws help you pounce on unaware monsters.
You are incapable of wielding weapons or throwing items.
You cannot wear armour.
You gain extra lives every three experience levels.


Message History

Casting: Summon Small Mammal (safe; 3% risk of failure)
Confirm with . or Enter, or press ? or * to list all spells.
You don't know that spell.
You are too injured to fight recklessly!
Unknown command.
The kobold completely misses you. The kobold barely misses you.
The kobold hits you with a +0 whip.
Your memorisation is interrupted.
You die...

(#.####.#.# .......†>.#
#.####.#.##.#...#
#.#.............#
#.#.#.##.##.##..# #
#.#.#.##.##.....# .# #####
#.#.#.##.#####.##..# #..[.#
#.K.K..............#
#..(..##.#K@.##§#####.###.#
#......'.KK####§..........#
.......'..## #######.#####
.......'.## #.# ......##.#
#.# .....# ### #.# #####
#.# #.# #.#


You could see 5 kobolds.

Vanquished Creatures
  2 ball pythons (D:1)
  2 bats (D:1)
  2 goblins (D:1)
  2 kobolds (D:1)
8 creatures vanquished.

Vanquished Creatures (collateral kills)
  An endoplasm (D:2)
  A hobgoblin (D:1)
  A kobold (D:1)
  3 quokkas (D:1)
  A ball python (D:1)
  3 bats
  A goblin (D:1)
  A rat (D:2)
12 creatures vanquished.

Grand Total: 20 creatures vanquished

Notes
Turn   | Place    | Note
-------+----------+-------------------------------------------
     0 | D:1      | aheadsounds the Felid Summoner began the quest for the Orb.
     0 | D:1      | Reached XP level 1. HP: 9/9 MP: 4/4
    42 | D:1      | Slain by a goblin
    42 | D:1      | Lost a life (0 lives remaining)
   211 | D:1      | Reached XP level 2. HP: 13/13 MP: 4/6
  1189 | D:2      | Identified a scroll of acquirement
  1192 | D:2      | Acquired 816 gold pieces
  1193 | D:2      | Slain by a kobold

Illustrated notes

Levels and vault maps discovered:
D:1:      minmay_arrival_wavy_path, layout_basic
D:2:      cheibrodos_fertilizer, layout_basic

Skill      XL: |  1  2 |
---------------+-------+-----
Stealth        | 3 |  3.3
Dodging        | 3 |  3.2
Spellcasting   | |  2.2
Summonings     | |  4.1

Action                     || total
---------------------------++-------
  Melee: Unarmed           ||    34
         Bite              ||     2
         Punch             ||     1
   Cast: Summon Small Mamm ||    54
    Use: Scroll            ||     4
   Stab: Sleeping          ||     1
 Armour: Skin              ||    27
  Dodge: Dodged            ||   109
